 Dungeon Crawl Stone Soup version 0.23.2-40-g277498a001 (webtiles) character file.

Game seed: 4465388100550132609

62660 CitizenNev the Basher (level 14, -16/138 HPs)
             Began as a Deep Dwarf Fighter on Aug 21, 2019.
             Was the Champion of Makhleb.
             Demolished by an orc knight
             ... wielding a +0 battleaxe
              (40 damage)
             ... while paralysed by an orc sorcerer
             ... on level 2 of the Orcish Mines.
             The game lasted 00:59:20 (14055 turns).

CitizenNev the Basher (Deep Dwarf Fighter)         Turns: 14055, Time: 00:59:21

Health: -16/138    AC: 27    Str: 25    XL:     14   Next: 65%
Magic:  10/10      EV:  2    Int: 10    God:    Makhleb [******]
Gold:   617        SH:  0    Dex: 12    Spells: 13/13 levels left

rFire    + . .     SeeInvis .   F - +1 demon whip (flame)
rCold    . . .     Gourm    .   c - +0 shield
rNeg     + . .     Faith    .   J - +0 plate armour {rF+}
rPois    .         Spirit   .   w - +2 helmet
rElec    .         Reflect  .   o - +2 cloak
rCorr    .         Harm     .   h - +2 pair of gloves
MR       ++...                  r - +2 pair of boots
Stlth    ..........             (no amulet)
HPRegen  0.00/turn              A - +2 ring of evasion
MPRegen  0.12/turn              D - +3 ring of strength

@: paralysed, non-regenerating, studying Armour, drained
A: damage resistance, heal wounds, negative energy resistance 1, sense
surroundings 2, weak 1, no regeneration
a: Heal Wounds, Minor Destruction, Lesser Servant of Makhleb, Major Destruction,
Greater Servant of Makhleb, Renounce Religion


You were on level 2 of the Orcish Mines.
You worshipped Makhleb.
Makhleb was exalted by your worship.
You were hungry.

You visited 3 branches of the dungeon, and saw 18 of its levels.
You also visited: Bailey.

You collected 1417 gold pieces.
You spent 800 gold pieces at shops.

Inventory:

Hand Weapons
 F - a +1 demon whip of flaming (weapon)
Armour
 c - a +0 shield (worn)
 h - a +2 pair of gloves (worn)
 o - a +2 cloak (worn)
 r - a +2 pair of boots (worn)
 w - a +2 helmet (worn)
 y - the +0 pair of boots of Royalty {rElec}
   (You bought it in a shop on level 6 of the Dungeon)

   It insulates you from electricity.
 J - a +0 plate armour of fire resistance (worn)
Jewellery
 j - an uncursed ring of protection from cold
 m - an uncursed ring of protection from fire
 n - a +2 ring of strength
 p - an uncursed ring of protection from magic
 x - an uncursed ring of flight
 A - a +2 ring of evasion (left hand)
 D - a +3 ring of strength (right hand)
 I - a +6 ring of intelligence
Wands
 G - a wand of flame (12)
 H - a wand of disintegration (14)
Scrolls
 e - 3 scrolls of identify
 g - a scroll of remove curse
 i - 11 scrolls of teleportation
 t - 7 scrolls of enchant weapon
 u - 3 scrolls of enchant armour
 B - 2 scrolls of blinking
 L - a scroll of holy word
Potions
 a - 3 potions of heal wounds
 b - a potion of invisibility
 d - 2 potions of curing
 k - a potion of haste
 l - 2 potions of flight
 q - 3 potions of mutation
 v - 2 potions of resistance
 z - a potion of brilliance
 C - a potion of magic
 E - 3 potions of might
 M - a potion of agility
Books
 s - a manual of Armour
Comestibles
 f - 23 rations


   Skills:
 - Level 12.2(11.3) Fighting
 * Level 14.2(13.2) Maces & Flails
 - Level 10.0(9.0) Armour
 - Level 12.0(11.1) Dodging
 - Level 10.3(9.4) Shields


You had 13 spell levels left.
You didn't know any spells.
Your spell library contained the following spells:

 Spells                   Type           Power        Failure   Level  Hunger
 Corona                   Hex            #......      100%        1    ##.....
 Infusion                 Chrm           #...         100%        1    ##.....
 Shock                    Conj/Air       #...         100%        1    ##.....
 Sting                    Conj/Pois      #...         100%        1    ##.....
 Ensorcelled Hibernation  Hex/Ice        #.....       100%        2    ###....
 Poisonous Vapours        Pois/Air       #.....       100%        2    ###....
 Shroud of Golubria       Chrm/Tloc      #.........   100%        2    ###....
 Song of Slaying          Chrm           #.......     100%        2    ###....
 Swiftness                Chrm/Air       #.......     100%        2    ###....
 Confuse                  Hex            #.......     100%        3    ####...
 Dazzling Spray           Conj/Hex       #.....       100%        3    ####...
 Mephitic Cloud           Conj/Pois/Air  #.......     100%        3    ####...
 Spectral Weapon          Hex/Chrm       #.......     100%        3    ####...
 Static Discharge         Conj/Air       #.......     100%        3    ####...
 Tukima's Dance           Hex            #.......     100%        3    ####...
 Airstrike                Air            #.........   100%        4    #####..
 Olgreb's Toxic Radiance  Pois           #.......     100%        4    #####..
 Irradiate                Conj/Tmut      #.........   100%        5    ######.
 Lightning Bolt           Conj/Air       #.........   100%        5    ######.
 Venom Bolt               Conj/Pois      #.........   100%        5    ######.
 Hydra Form               Tmut           #.........   100%        6    #######
 Statue Form              Tmut/Erth      #........    100%        6    #######
 Dragon Form              Tmut           #.........   100%        7    #######
 Malign Gateway           Summ/Tloc      #.........   100%        7    #######
 Monstrous Menagerie      Summ           #.........   100%        7    #######
 Summon Greater Demon     Summ           #.........   100%        7    #######
 Summon Horrible Things   Summ           #.........   100%        8    #######
 Regeneration             Chrm/Necr      Unusable     N/A         3    N/A

Dungeon Overview and Level Annotations

Branches:
Dungeon (15/15)            Temple (1/1) D:4            Lair (0/6) D:9
    Orc (2/2) D:11            Elf (0/3) Orc:2        Vaults (0/5) D:13
 Depths (0/5) D:15

Altars:
Ashenzari
Cheibriados
Dithmenos
Elyvilon
Fedhas
Gozag
Hepliaklqana
Kikubaaqudgha
Makhleb
Nemelex Xobeh
Okawaru
Qazlal
Ru
Sif Muna
Trog
Uskayaw
Vehumet
Wu Jian
Xom
Yredelemnul
Zin
The Shining One

Shops:
D:6 %[}%   D:13 %=?%   D:14 =

Annotations:
D:14 2 runed translucent doors, DildoBatman's ghost, adept FoWz


Innate Abilities, Weirdness & Mutations

You are resistant to damage.
You can heal yourself by infusing magical energy.
You resist negative energy. (rN+)
You passively map the area around you.
You do not regenerate.
You are weak. (Str -2)


Message History

The orc knight hits you but does no damage.
The orc sorcerer hits you but does no damage. x2
The orc warrior hits you from afar with a +0 halberd!!
* * * LOW HITPOINT WARNING * * *
The orc knight hits you but does no damage.
The orc sorcerer hits you but does no damage.
The orange demon stings you but does no damage.
The orc knight hits you with a +0 battleaxe!
* * * LOW HITPOINT WARNING * * *
The orc sorcerer hits you but does no damage.
The orc priest hits you but does no damage.
The orc warrior hits you from afar with a +0 halberd.
* * * LOW HITPOINT WARNING * * *
The orc sorcerer hits you but does no damage.
The orange demon stings you but does no damage.
The orc sorcerer hits you but does no damage.
The orc knight hits you but does no damage.
The orc priest barely misses you.
The orc knight hits you with a +0 battleaxe!!!
You die...

#..#...[[####.......#
##.##....[#........##
###....[.........##
##............##
###.[.......##
#..)[...### ###...44.#
##.....oo####
#......{o@<.## *
##......ooo..## ##
####..[.###oo....##
.####.....o..##.......##
.##.o......####........#
.....#o#....# #[......##
.......#....###[.....##
#...o..#..)[.#......##
...o.....[...).....##


You could see 2 orc knights, an orange demon, an ice devil, 2 orc sorcerers, an
orc warrior, 2 orc priests and an orc.

Vanquished Creatures
  Gastronok (D:9)
  An orc warlord (Orc:2)
  4 vault guards (D:13)
  4 centaur warriors
  5 two-headed ogres
  2 orc high priests (Orc:2)
  Nergalle (D:12)
  7 unseen horrors
  Pikel (D:7)
  A necromancer (D:15)
  A harpy (shapeshifter) (D:15)
  A wolf spider zombie (D:15)
  An orc knight (Orc:2)
  4 orc sorcerers
  3 deep elf magi (D:15)
  5 cyclopes
  A manticore (D:13)
  Maurice (Orc:2)
  A centaur zombie (D:15)
  A gargoyle (D:13)
  A komodo dragon (shapeshifter) (D:14)
  4 kobold demonologists
  A merfolk (D:10)
  A harpy zombie (D:15)
  12 slime creatures
  7 trolls
  Prince Ribbit (D:7)
  A hornet (D:10)
  5 hippogriffs
  Grinder (D:3)
  A spriggan (D:10)
  A centaur simulacrum (D:15)
  Sigmund (D:3)
  A shadow (D:14)
  A wyvern (D:10)
  19 yaks
  3 vampire mosquitoes (D:15)
  A steam dragon (D:11)
  4 basilisks
  4 hungry ghosts
  3 wargs
  A water moccasin (D:8)
  5 porcupines (D:9)
  19 orc warriors
  9 sky beasts
  An ice beast (D:6)
  An eye of draining (shapeshifter) (D:13)
  4 phantoms
  A black bear (D:9)
  A necrophage (D:10)
  7 ogres
  2 crocodiles (D:9)
  25 centaurs
  4 big kobolds
  Blork the orc (D:5)
  7 bullfrogs
  2 water moccasin zombies
  A wyvern zombie (D:15)
  A wyvern skeleton (D:13)
  3 scorpions
  3 killer bees (D:10)
  6 wights
  3 howler monkeys
  4 crimson imps
  3 jellies
  A quasit (D:11)
  3 bullfrog zombies
  6 centaur skeletons
  Crazy Yiuf (D:2)
  9 orc priests
  3 hounds
  2 bullfrog skeletons
  Jessica (D:2)
  Terence (D:3)
  An iguana (D:10)
  17 orc wizards
  9 worker ants
  A killer bee zombie (D:5)
  A hound skeleton (D:10)
  A howler monkey zombie (D:10)
  6 gnolls
  A howler monkey skeleton (D:10)
  12 adders
  4 shadow imps
  An ooze (D:3)
  2 worms
  An adder skeleton (D:4)
  3 dart slugs
  8 leopard geckos
  91 orcs
  2 ball pythons
  5 giant cockroaches
  8 goblins
  10 hobgoblins
  8 jackals
  4 quokkas
  11 bats
  3 frilled lizards
  A jackal skeleton (D:8)
  24 kobolds
  3 quokka zombies
  5 rats
503 creatures vanquished.

Vanquished Creatures (others)
  A slave (D:7)
  Menkaure (D:7)
  A vampire mosquito (D:15)
  A black bear (D:7)
  A crimson imp (D:7)
  A worker ant (D:7)
  An orc (D:11)
  A quokka (D:7)
8 creatures vanquished.

Grand Total: 511 creatures vanquished

Notes
Turn   | Place    | Note
-------+----------+-------------------------------------------
     0 | D:1      | CitizenNev the Deep Dwarf Fighter began the quest for the
                  | Orb.
     0 | D:1      | Reached XP level 1. HP: 20/20 MP: 1/1
    83 | D:1      | Reached XP level 2. HP: 25/27 MP: 2/2
   124 | D:1      | Reached skill level 3 in Maces & Flails
   417 | D:1      | Reached XP level 3. HP: 26/33 MP: 3/3
   701 | D:2      | Noticed Jessica
   715 | D:2      | Reached skill level 4 in Maces & Flails
   719 | D:2      | Killed Jessica
   719 | D:2      | Reached XP level 4. HP: 15/40 MP: 4/4
   926 | D:2      | Found a runed translucent door.
   927 | D:2      | Noticed Crazy Yiuf
  1013 | D:2      | Found a snail-covered altar of Cheibriados.
  1119 | D:2      | Killed Crazy Yiuf
  1119 | D:2      | Reached skill level 5 in Maces & Flails
  1183 | D:3      | Noticed Grinder
  1211 | D:3      | Reached XP level 5. HP: 32/46 MP: 4/4
  1248 | D:3      | Killed Grinder
  1248 | D:3      | Reached skill level 5 in Armour
  1248 | D:3      | Reached XP level 6. HP: 21/55 MP: 5/5
  1272 | D:3      | Noticed Sigmund
  1282 | D:3      | Killed Sigmund
  1289 | D:3      | Reached skill level 5 in Shields
  1399 | D:3      | Reached XP level 7. HP: 49/61 MP: 6/6
  1518 | D:3      | Found a glowing golden altar of the Shining One.
  1639 | D:3      | Noticed Terence
  1648 | D:3      | Killed Terence
  1884 | D:4      | Found an ornate altar of the Wu Jian Council.
  1958 | D:4      | Found a sparkling altar of Nemelex Xobeh.
  2243 | D:4      | Found a staircase to the Ecumenical Temple.
  2249 | Temple   | Entered the Ecumenical Temple
  2327 | Temple   | Became a worshipper of Makhleb the Destroyer
  2623 | D:4      | Reached skill level 5 in Fighting
  2776 | D:5      | Entered Level 5 of the Dungeon
  2777 | D:5      | Noticed a two-headed ogre
  2789 | D:5      | Killed a two-headed ogre
  2789 | D:5      | Reached XP level 8. HP: 21/74 MP: 6/6
  2853 | D:5      | Noticed Blork the orc
  2872 | D:5      | Killed Blork the orc
  3215 | D:5      | Reached skill level 6 in Maces & Flails
  3799 | D:6      | Found Jusuikk's Gadget Emporium.
  3836 | D:6      | Found a hazy altar of Hepliaklqana.
  3916 | D:6      | Found Pyh Zeuc's Food Emporium.
  3964 | D:6      | Gained mutation: You passively map the area around you.
                  | [Deep Dwarf growth]
  3964 | D:6      | Reached XP level 9. HP: 61/81 MP: 6/6
  4072 | D:6      | Found Holis's Antique Armour Shop.
  4081 | D:6      | Bought a pair of ancient boots for 228 gold pieces
  4091 | D:6      | Identified the +0 pair of boots of Royalty {rElec} (You
                  | bought it in a shop on level 6 of the Dungeon)
  4143 | D:6      | Found Aryafaebli's Food Boutique.
  4248 | D:6      | Reached skill level 7 in Maces & Flails
  4337 | D:6      | Found a glowing silver altar of Zin.
  4704 | D:7      | Noticed Pikel
  4768 | D:7      | Killed Pikel
  4768 | D:7      | Reached skill level 8 in Maces & Flails
  4849 | D:7      | Reached * piety under Makhleb
  4860 | D:7      | Killed Menkaure
  4882 | D:7      | Noticed Prince Ribbit
  4893 | D:7      | Killed Prince Ribbit
  4893 | D:7      | Reached skill level 9 in Maces & Flails
  5396 | D:8      | Reached skill level 10 in Maces & Flails
  5548 | D:8      | Found a deep blue altar of Sif Muna.
  5952 | D:8      | Reached XP level 10. HP: 71/88 MP: 6/6
  6039 | D:8      | Reached ** piety under Makhleb
  6488 | D:9      | Found a staircase to the Lair.
  6624 | D:9      | Found a blossoming altar of Fedhas.
  6762 | D:9      | Noticed Gastronok
  6776 | D:9      | Reached *** piety under Makhleb
  6794 | D:9      | Killed Gastronok
  6794 | D:9      | Reached skill level 10 in Fighting
  6794 | D:9      | Reached XP level 11. HP: 100/108 MP: 7/7
  7188 | D:10     | Entered Level 10 of the Dungeon
  7628 | D:10     | Noticed a two-headed ogre
  7645 | D:10     | Killed a two-headed ogre
  7669 | D:10     | Reached **** piety under Makhleb
  7782 | D:10     | Found a stormy altar of Qazlal.
  7805 | D:10     | Reached skill level 10 in Armour
  8285 | D:11     | Noticed a soul eater
  8287 | D:11     | Noticed a sixfirhy
  8437 | D:11     | Gained mutation: You are weak. (Str -2) [a neqoxec]
  8636 | D:11     | Reached ***** piety under Makhleb
  8642 | D:11     | Reached XP level 12. HP: 116/116 MP: 8/8
  8790 | D:11     | Found a staircase to the Orcish Mines.
  8919 | D:12     | Noticed a two-headed ogre
  8934 | D:12     | Killed a two-headed ogre
  8943 | D:12     | Found a flagged portal.
  8981 | Bailey   | Entered a bailey
  9343 | Bailey   | Reached skill level 10 in Shields
  9535 | Bailey   | Reached XP level 13. HP: 94/129 MP: 9/9
  9777 | D:12     | Found a stormy altar of Qazlal.
 10075 | D:12     | Noticed Nergalle
 10090 | D:12     | Killed Nergalle
 10449 | D:13     | Found Gamank's Food Shoppe.
 10513 | D:13     | Found Xawnapho's Magic Scroll Shop.
 10517 | D:13     | Bought a scroll of acquirement for 572 gold pieces
 10555 | D:13     | Reached skill level 10 in Dodging
 10635 | D:13     | Got a brightly glowing war axe
 10692 | D:13     | Found a gate to the Vaults.
 10908 | D:13     | Found Qynish's Jewellery Emporium.
 11041 | D:13     | Found Miecisuiki's Food Boutique.
 11305 | D:14     | Found Wesokkir's Jewellery Shop.
 11358 | D:14     | Reached skill level 11 in Maces & Flails
 11361 | D:14     | Reached ****** piety under Makhleb
 11529 | D:14     | Gained mutation: You resist negative energy. (rN+) [Deep
                  | Dwarf growth]
 11529 | D:14     | Reached XP level 14. HP: 103/138 MP: 10/10
 11534 | D:14     | Identified the +7 war axe of Kismet {flame, Fragile +Fly
                  | rElec rN+} (You found it on level 13 of the Dungeon)
 11764 | D:14     | Found a large runed translucent door.
 11765 | D:14     | Found a large runed translucent door.
 11768 | D:14     | Noticed DildoBatman's ghost (adept FoWz)
 12105 | D:15     | Entered Level 15 of the Dungeon
 12182 | D:15     | Reached skill level 12 in Maces & Flails
 12729 | D:15     | Reached skill level 13 in Maces & Flails
 12765 | D:15     | Found a staircase to the Depths.
 13225 | Orc:1    | Entered Level 1 of the Orcish Mines
 13485 | Orc:2    | Entered Level 2 of the Orcish Mines
 13587 | Orc:2    | Noticed Maurice
 13596 | Orc:2    | Killed Maurice
 13671 | Orc:2    | Found a staircase to the Elven Halls.
 13766 | Orc:2    | Noticed an orc warlord
 13928 | Orc:2    | Reached skill level 14 in Maces & Flails
 13957 | Orc:2    | Killed an orc warlord
 14050 | Orc:2    | Paralysed by an orc sorcerer for 6 turns
 14055 | Orc:2    | Demolished by an orc knight

Skill      XL: |  1  2  3  4  5  6  7  8  9 10 11 12 13 14 |
---------------+-------------------------------------------+-----
Maces & Flails | 3 4 5 6 10 11 14 | 14.2
Armour         | 5 10 | 10.0
Shields        | 5 8 10 | 10.3
Fighting       | 5 10 12 | 12.2
Dodging        | 6 7 12 | 12.0

Action                   |  1- 3 |  4- 6 |  7- 9 | 10-12 | 13-15 || total
-------------------------+-------+-------+-------+-------+-------++-------
Melee: Flail             |   114 |   125 |   394 |       |       ||   633
       Whip              |       |       |   149 |   933 |   110 ||  1192
       Demon whip        |       |       |       |       |   796 ||   796
 Abil: Heal Wounds       |       |     2 |    11 |       |     2 ||    15
  Use: Scroll            |     3 |     3 |    15 |     5 |     5 ||    31
       Potion            |       |     1 |     4 |     2 |       ||     7
  Eat: Chunk             |       |     2 |    13 |     8 |    16 ||    39
       Ration            |       |       |     1 |     2 |       ||     3
Armor: Scale mail        |    54 |    49 |    82 |       |       ||   185
       Skin              |       |       |    23 |       |       ||    23
       Chain mail        |       |       |   129 |   161 |       ||   290
       Plate armour      |       |       |       |   199 |   445 ||   644
Dodge: Dodged            |    38 |    39 |   159 |   271 |   296 ||   803
Block: Shield            |    75 |    54 |   282 |   415 |   487 ||  1313
